[Event "Groningen Festival 2019-B"]
[Site "Groningen"]
[Date "2019.12.28"]
[Round "7.3"]
[White "Torenbosch, Jorn"]
[Black "De Vries, Leon"]
[Result "0-1"]
[ECO "B20"]
[WhiteElo "1821"]
[BlackElo "1934"]
[Annotator "NA"]
[PlyCount "100"]
[EventDate "2019.12.15"]
[EventType "swiss"]
[EventCountry "NED"]
[SourceTitle "playchess.com"]
[Source "ChessBase"]
[SourceQuality "1"]
[TimeControl "40/5400+30:1800+30"]

1. e4 c5 2. b4 cxb4 3. a3 d5 4. exd5 Qxd5 5. Nf3 e5 6. axb4 Bxb4 7. Na3 Nf6 8. Nb5 O-O 9. c3 Bc5 10. Be2 Bd7 11. Nc7 Bxf2+ 12. Kf1 Qd6 13. Nxa8 Bc5 14. d4 exd4 15. cxd4 Bb4 16. Rxa7 Nc6 17. Ra1 Nd5 18. Bc4 Re8 19. Bxd5 Qxd5 20. Nc7 Qc4+ 21. Kf2 Rc8 22. Na8 Bc3 23. Ra4 Nb4 24. Nb6 Nd3+ 25. Kf1 Bxa4 26. Qxa4 Qxa4 27. Nxa4 Nxc1 28. Kf2 Nb3 29. Ke3 Ba5 30. Rb1 b5 31. Nb2 Rc2 32. Nd1 Nc1 33. Rxb5 Re2+ 34. Kf4 Bc7+ 35. Ne5 f6 36. Kf3 fxe5 37. Rc5 e4+ 38. Kg4 Rxg2+ 39. Kf5 g6+ 40. Kxe4 Rg4+ 41. Ke3 Bf4+ 42. Kf3 Rh4 43. d5 Nb3 44. Rc8+ Kf7 45. h3 Bd6 46. Nf2 Nd4+ 47. Ke3 Nf5+ 48. Kf3 Rd4 49. Ne4 Rd3+ 50. Ke2 Re3+ 0-1

[Event "Groningen Festival 2019-B"]
[Site "Groningen"]
[Date "2019.12.28"]
[Round "7.4"]
[White "Noordenbos, Daan"]
[Black "Slagter, Ruben"]
[Result "0-1"]
[ECO "B36"]
[WhiteElo "2023"]
[BlackElo "2077"]
[Annotator "NA"]
[PlyCount "106"]
[EventDate "2019.12.15"]
[EventType "swiss"]
[EventCountry "NED"]
[SourceTitle "playchess.com"]
[Source "ChessBase"]
[SourceQuality "1"]
[TimeControl "40/5400+30:1800+30"]

1. e4 c5 2. Nf3 Nc6 3. d4 cxd4 4. Nxd4 g6 5. c4 Nf6 6. Nc3 Nxd4 7. Qxd4 d6 8. Be3 Bg7 9. h3 O-O 10. Qd2 a5 11. Rd1 a4 12. e5 Ne8 13. Bf4 Qa5 14. Nd5 Qxd2+ 15. Bxd2 Bxe5 16. Nxe7+ Kg7 17. Nxc8 Rxc8 18. b3 axb3 19. axb3 Nc7 20. f4 Bd4 21. Bb4 Rfe8+ 22. Be2 Ne6 23. g3 Bf6 24. Kf2 Nd4 25. Rhe1 Nc2 26. Bg4 Nxb4 27. Bxc8 Rxc8 28. Rxd6 Ra8 29. Kf3 Ra3 30. Rb1 Nc6 31. Ke4 Ra2 32. Rd7 Re2+ 33. Kf3 Rc2 34. Ke4 Re2+ 35. Kf3 Rc2 36. Ke4 Nd8 37. Rd3 Ne6 38. Kd5 b5 39. cxb5 Nc7+ 40. Ke4 Nxb5 41. Re1 Nc3+ 42. Kf3 Rh2 43. h4 h5 44. Re8 Nb5 45. Re2 Nd4+ 46. Rxd4 Rxe2 47. Rd3 Rc2 48. f5 Rc3 49. Rxc3 Bxc3 50. fxg6 fxg6 51. g4 hxg4+ 52. Kxg4 Kh6 53. h5 g5 0-1

[Event "Groningen Festival 2019-B"]
[Site "Groningen"]
[Date "2019.12.28"]
[Round "7.5"]
[White "Salihbegovic, Edim"]
[Black "Huizinga, Egbert"]
[Result "1-0"]
[ECO "C65"]
[WhiteElo "2011"]
[BlackElo "1705"]
[Annotator "NA"]
[PlyCount "75"]
[EventDate "2019.12.15"]
[EventType "swiss"]
[EventCountry "NED"]
[SourceTitle "playchess.com"]
[Source "ChessBase"]
[SourceQuality "1"]
[TimeControl "40/5400+30:1800+30"]

1. e4 e5 2. Nf3 Nc6 3. Bb5 Nf6 4. d3 Bc5 5. c3 d6 6. Be3 Bxe3 7. fxe3 Qe7 8. Nbd2 Bd7 9. Qe2 O-O 10. O-O Ng4 11. h3 Nh6 12. g4 Kh8 13. Qg2 f6 14. Rf2 a6 15. Ba4 b5 16. Bc2 Nd8 17. Nh4 g5 18. Nhf3 Ne6 19. Nf1 c6 20. Ng3 Ng7 21. Nh2 Be6 22. Bb3 Bd7 23. Qf1 a5 24. a3 Be6 25. Qd1 Ng8 26. Kg2 h6 27. Qc2 Qd7 28. Raf1 a4 29. Bxe6 Qxe6 30. Nf3 Rfd8 31. Rd2 Ne7 32. Rfd1 Rac8 33. d4 d5 34. dxe5 fxe5 35. Nf5 Ngxf5 36. exf5 Qf6 37. e4 Rf8 38. Qd3 1-0

[Event "Groningen Festival 2019-B"]
[Site "Groningen"]
[Date "2019.12.28"]
[Round "7.6"]
[White "Labruyere, Roger"]
[Black "Saber, Anas"]
[Result "1-0"]
[ECO "B03"]
[WhiteElo "1933"]
[BlackElo "2008"]
[Annotator "NA"]
[PlyCount "57"]
[EventDate "2019.12.15"]
[EventType "swiss"]
[EventCountry "NED"]
[SourceTitle "playchess.com"]
[Source "ChessBase"]
[SourceQuality "1"]
[TimeControl "40/5400+30:1800+30"]

1. e4 Nf6 2. e5 Nd5 3. d4 d6 4. c4 Nb6 5. exd6 exd6 6. Nf3 Be7 7. Be2 O-O 8. O-O Bf5 9. Be3 Nc6 10. Nc3 Bf6 11. Qd2 Bg4 12. b3 Re8 13. h3 Bf5 14. Rac1 Qd7 15. d5 Ne5 16. Nxe5 Bxe5 17. f4 Bf6 18. g4 Bxc3 19. Rxc3 Be4 20. f5 h5 21. Bd4 hxg4 22. hxg4 Qe7 23. f6 Qd8 24. Qg5 Bg6 25. Bd3 Nd7 26. Bxg6 gxf6 27. Rxf6 Nxf6 28. Bxf6 Re5 29. Bf5+ 1-0

[Event "Groningen Festival 2019-B"]
[Site "Groningen"]
[Date "2019.12.29"]
[Round "8.1"]
[White "Slagter, Ruben"]
[Black "Novotny, David"]
[Result "1-0"]
[ECO "A03"]
[WhiteElo "2077"]
[BlackElo "1810"]
[Annotator "NA"]
[PlyCount "99"]
[EventDate "2019.12.15"]
[EventType "swiss"]
[EventCountry "NED"]
[SourceTitle "playchess.com"]
[Source "ChessBase"]
[SourceQuality "1"]
[TimeControl "40/5400+30:1800+30"]

1. b3 d5 2. Bb2 Bf5 3. e3 Nd7 4. f4 Ngf6 5. Nf3 e6 6. Be2 Bd6 7. O-O h6 8. Ne5 Qe7 9. c4 O-O-O 10. Nxd7 Rxd7 11. d4 c6 12. b4 dxc4 13. Bxc4 Bxb4 14. Qa4 Kb8 15. Qb3 g5 16. Ba3 Bxa3 17. Nxa3 Ne4 18. Qb2 Rg8 19. Bd3 c5 20. Nc4 f6 21. Qc2 cxd4 22. Rae1 Qc5 23. Bxe4 d3 24. Qa4 Bxe4 25. Qxd7 gxf4 26. Qd6+ Qxd6 27. Nxd6 Rxg2+ 28. Kh1 Bc6 29. e4 Rxa2 30. Kg1 Kc7 31. Nf7 f5 32. Rxf4 Bxe4 33. Rf2 Ra5 34. Nxh6 b5 35. Nf7 b4 36. Ng5 Bd5 37. Nxe6+ Kd6 38. Nd4 Kc5 39. Nxf5 b3 40. Ne3 Kb4 41. Rf5 Bg8 42. Rxa5 Kxa5 43. Ra1+ Kb4 44. Rxa7 Kc3 45. Kf2 b2 46. Nd1+ Kc2 47. Nxb2 Kxb2 48. Ke3 Bc4 49. Kd2 Kb3 50. h4 1-0

[Event "Groningen Festival 2019-B"]
[Site "Groningen"]
[Date "2019.12.29"]
[Round "8.2"]
[White "Akotchik, Victor"]
[Black "Salihbegovic, Edim"]
[Result "1-0"]
[ECO "C02"]
[WhiteElo "2095"]
[BlackElo "2011"]
[Annotator "NA"]
[PlyCount "79"]
[EventDate "2019.12.15"]
[EventType "swiss"]
[EventCountry "NED"]
[SourceTitle "playchess.com"]
[Source "ChessBase"]
[SourceQuality "1"]
[TimeControl "40/5400+30:1800+30"]

1. e4 e6 2. d4 d5 3. e5 c5 4. c3 Nc6 5. Nf3 Bd7 6. a3 f6 7. Bd3 Qc7 8. O-O O-O-O 9. Bf4 c4 10. Bc2 h6 11. Bg3 f5 12. h4 Be8 13. Nbd2 Be7 14. Bf4 Bh5 15. Qe1 Rf8 16. g3 Rf7 17. Qe3 Na5 18. Ba4 g6 19. Rfb1 Rg7 20. b3 cxb3 21. c4 Bxf3 22. Qxf3 dxc4 23. d5 exd5 24. Qxd5 g5 25. Be3 Kb8 26. h5 Bd8 27. Qd4 b6 28. Rc1 Be7 29. Nxc4 Bc5 30. Qb2 Nxc4 31. Rxc4 Ne7 32. Bxc5 bxc5 33. Rac1 Rd8 34. Rxc5 Rd1+ 35. Kh2 Rxc1 36. Qxc1 Qd8 37. Rb5+ Ka8 38. Rxb3 Qd5 39. Qc7 Rg8 40. Qxe7 1-0

[Event "Groningen Festival 2019-B"]
[Site "Groningen"]
[Date "2019.12.29"]
[Round "8.3"]
[White "De Vries, Leon"]
[Black "Labruyere, Roger"]
[Result "1-0"]
[ECO "B52"]
[WhiteElo "1934"]
[BlackElo "1933"]
[Annotator "NA"]
[PlyCount "85"]
[EventDate "2019.12.15"]
[EventType "swiss"]
[EventCountry "NED"]
[SourceTitle "playchess.com"]
[Source "ChessBase"]
[SourceQuality "1"]
[TimeControl "40/5400+30:1800+30"]

1. e4 c5 2. Nf3 d6 3. Bb5+ Bd7 4. Bxd7+ Qxd7 5. c4 Nc6 6. Nc3 g6 7. d4 cxd4 8. Nxd4 Bg7 9. Be3 Nf6 10. f3 O-O 11. O-O Rfc8 12. b3 a6 13. Qd2 Nxd4 14. Bxd4 b5 15. Rac1 e5 16. Be3 bxc4 17. Na4 c3 18. Nxc3 Rd8 19. Bg5 Qa7+ 20. Kh1 Rd7 21. Bxf6 Bxf6 22. Nd5 Bd8 23. g4 Kg7 24. Rc4 h6 25. Qc3 Bb6 26. Rc1 Bd4 27. Qd3 a5 28. Rc7 Rxc7 29. Rxc7 Qb8 30. Qc4 Bc5 31. Rd7 Qe8 32. Rb7 Rc8 33. Nc7 Qc6 34. Ne6+ Kg8 35. Nxc5 d5 36. exd5 Qxc5 37. d6 Qxc4 38. bxc4 Kf8 39. d7 Rd8 40. c5 Ke7 41. c6 Ra8 42. c7 Kxd7 43. Rb8 1-0

[Event "Groningen Festival 2019-B"]
[Site "Groningen"]
[Date "2019.12.29"]
[Round "8.4"]
[White "Ritter, Uwe"]
[Black "Muller, Kenneth"]
[Result "1-0"]
[ECO "B01"]
[WhiteElo "1981"]
[BlackElo "1806"]
[Annotator "NA"]
[PlyCount "127"]
[EventDate "2019.12.15"]
[EventType "swiss"]
[EventCountry "NED"]
[SourceTitle "playchess.com"]
[Source "ChessBase"]
[SourceQuality "1"]
[TimeControl "40/5400+30:1800+30"]

1. e4 d5 2. exd5 Qxd5 3. Nc3 Qd8 4. d4 Nf6 5. Nf3 Bg4 6. h3 Bxf3 7. Qxf3 c6 8. Be3 e6 9. Bc4 Nbd7 10. O-O-O Qc7 11. Rhe1 O-O-O 12. Bg5 h6 13. Bf4 Bd6 14. Bxd6 Qxd6 15. Ne4 Qb4 16. c3 Qe7 17. Kb1 Nxe4 18. Qxe4 Nf6 19. Qe2 Qc7 20. Qe5 Rd7 21. Qxc7+ Kxc7 22. Re5 Rhd8 23. Rde1 Nd5 24. Bxd5 Rxd5 25. Kc2 Rxe5 26. dxe5 c5 27. Re3 Kc6 28. Rf3 Rd7 29. c4 a6 30. Rd3 Re7 31. g4 f6 32. exf6 gxf6 33. Rd8 h5 34. Rf8 hxg4 35. hxg4 Rg7 36. f3 Rg6 37. b3 Kd6 38. Kd3 Rh6 39. Ke4 a5 40. f4 Rh4 41. Rd8+ Kc7 42. Rg8 Rh2 43. Rg7+ Kd6 44. Rxb7 Re2+ 45. Kd3 Rxa2 46. Rb6+ Kd7 47. f5 exf5 48. gxf5 Ke7 49. Re6+ Kf7 50. Rc6 Ra3 51. Rc7+ Ke8 52. Kc2 a4 53. bxa4 Rxa4 54. Rxc5 Ra3 55. Rd5 Ke7 56. c5 Ke8 57. Kb2 Re3 58. c6 Re7 59. Kc3 Rc7 60. Rd6 Ke7 61. Re6+ Kf7 62. Kc4 Ra7 63. Kb5 Ra1 64. c7 1-0

[Event "Groningen Festival 2019-B"]
[Site "Groningen"]
[Date "2019.12.29"]
[Round "8.5"]
[White "Zuiderweg, Edwin"]
[Black "Van de Pavoordt, Max"]
[Result "1-0"]
[ECO "C17"]
[WhiteElo "1951"]
[BlackElo "2016"]
[Annotator "NA"]
[PlyCount "59"]
[EventDate "2019.12.15"]
[EventType "swiss"]
[EventCountry "NED"]
[SourceTitle "playchess.com"]
[Source "ChessBase"]
[SourceQuality "1"]
[TimeControl "40/5400+30:1800+30"]

1. e4 e6 2. d4 d5 3. Nc3 Bb4 4. e5 Ne7 5. Nf3 c5 6. Bd2 Bxc3 7. Bxc3 b6 8. b3 Ba6 9. Bxa6 Nxa6 10. Qe2 Nc7 11. O-O Nc6 12. Bb2 cxd4 13. Nxd4 Nxd4 14. Bxd4 Qd7 15. a4 O-O 16. f4 Rfc8 17. Rf3 Ne8 18. Raf1 g6 19. Rh3 h5 20. g4 Ng7 21. gxh5 Nxh5 22. f5 exf5 23. Rxh5 gxh5 24. Qxh5 f6 25. exf6 Rxc2 26. Kh1 Kf8 27. Re1 Qf7 28. Qh8+ Qg8 29. Qh6+ Kf7 30. Re7# 1-0

[Event "Groningen Festival 2019-B"]
[Site "Groningen"]
[Date "2019.12.29"]
[Round "8.6"]
[White "Neuendorf, Max"]
[Black "Johnson, Matthew"]
[Result "1-0"]
[ECO "B01"]
[WhiteElo "1994"]
[BlackElo "1963"]
[Annotator "NA"]
[PlyCount "78"]
[EventDate "2019.12.15"]
[EventType "swiss"]
[EventCountry "NED"]
[SourceTitle "playchess.com"]
[Source "ChessBase"]
[SourceQuality "1"]
[TimeControl "40/5400+30:1800+30"]

1. e4 d5 2. exd5 Nf6 3. d4 Qxd5 4. Nc3 Qa5 5. Nf3 Bf5 6. Be2 Nc6 7. Bd2 O-O-O 8. Nb5 Qb6 9. c4 Nxd4 10. Nbxd4 Rxd4 11. Nxd4 Qxd4 12. Qb3 Ng4 13. Bxg4 Bxg4 14. Be3 Qe5 15. Qa4 c6 16. Qxa7 e6 17. c5 f5 18. Qa8+ Kc7 19. Qa5+ Kc8 20. Qc3 Qxc3+ 21. bxc3 e5 22. f3 Bh5 23. c4 g5 24. g4 fxg4 25. fxg4 Bxg4 26. Kd2 Bf3 27. Rhf1 g4 28. a4 Be7 29. a5 Rd8+ 30. Kc2 Be4+ 31. Kb2 Rd3 32. Rf7 Kd8 33. a6 bxa6 34. Rxa6 Ke8 35. Rg7 Rxe3 36. Ra8+ Bd8 37. Rg8+ Kf7 38. Rgxd8 Re2+ 39. Kc3 Rxh2 1-0

[Event "Groningen Festival 2019-B"]
[Site "Groningen"]
[Date "2019.12.30"]
[Round "9.2"]
[White "Novotny, David"]
[Black "De Vries, Leon"]
[Result "0-1"]
[ECO "D00"]
[WhiteElo "1810"]
[BlackElo "1934"]
[Annotator "NA"]
[PlyCount "64"]
[EventDate "2019.12.15"]
[EventType "swiss"]
[EventCountry "NED"]
[SourceTitle "playchess.com"]
[Source "ChessBase"]
[SourceQuality "1"]
[TimeControl "40/5400+30:1800+30"]

1. d4 Nf6 2. Nc3 d5 3. Bf4 g6 4. e3 Bg7 5. h4 O-O 6. h5 c5 7. hxg6 hxg6 8. Qd2 Nc6 9. O-O-O Qa5 10. f3 Rd8 11. g4 c4 12. Qh2 b5 13. Bh6 Bh8 14. Bf8 Kxf8 15. Qxh8+ Ng8 16. Rh7 Be6 17. Qg7+ Ke8 18. Qxg8+ Kd7 19. Qg7 b4 20. Nb1 c3 21. bxc3 bxc3 22. Ne2 Nb4 23. Nexc3 Rdc8 24. a3 Rxc3 25. axb4 Rxc2+ 26. Kxc2 Qa2+ 27. Kd3 Rc8 28. Nd2 Qa6+ 29. Nc4 Qxc4+ 30. Kd2 Qxb4+ 31. Kd3 Qb2 32. Rc1 Rxc1 0-1

[Event "Groningen Festival 2019-B"]
[Site "Groningen"]
[Date "2019.12.30"]
[Round "9.3"]
[White "Zuiderweg, Edwin"]
[Black "Ritter, Uwe"]
[Result "0-1"]
[ECO "B26"]
[WhiteElo "1951"]
[BlackElo "1981"]
[Annotator "NA"]
[PlyCount "70"]
[EventDate "2019.12.15"]
[EventType "swiss"]
[EventCountry "NED"]
[SourceTitle "playchess.com"]
[Source "ChessBase"]
[SourceQuality "1"]
[TimeControl "40/5400+30:1800+30"]

1. e4 c5 2. Nc3 Nc6 3. g3 g6 4. Bg2 Bg7 5. d3 d6 6. Be3 e5 7. Qd2 Nge7 8. Nce2 Nd4 9. c3 Nxe2 10. Nxe2 O-O 11. Bh6 d5 12. Bxg7 Kxg7 13. Rd1 Be6 14. b3 Qd7 15. O-O Rad8 16. Qc2 f5 17. c4 d4 18. f4 fxe4 19. Bxe4 Bh3 20. Rf2 Nf5 21. Bxf5 Qxf5 22. Kh1 Qe6 23. Qd2 Rde8 24. Nc1 exf4 25. gxf4 Qc6+ 26. Kg1 Re3 27. Ne2 Rf3 28. Qe1 Re8 29. Rd2 Rfe3 30. Qc1 Qe6 31. Qb2 Qg4+ 32. Kh1 Rf3 33. Ng1 Qxg1+ 34. Kxg1 Re1+ 35. Rf1 Rfxf1# 0-1

[Event "Groningen Festival 2019-B"]
[Site "Groningen"]
[Date "2019.12.30"]
[Round "9.4"]
[White "Muller, Kenneth"]
[Black "Neuendorf, Max"]
[Result "1/2-1/2"]
[ECO "B13"]
[WhiteElo "1806"]
[BlackElo "1994"]
[Annotator "NA"]
[PlyCount "89"]
[EventDate "2019.12.15"]
[EventType "swiss"]
[EventCountry "NED"]
[SourceTitle "playchess.com"]
[Source "ChessBase"]
[SourceQuality "1"]
[TimeControl "40/5400+30:1800+30"]

1. d4 d5 2. Nc3 Nf6 3. Bf4 c5 4. e3 cxd4 5. exd4 a6 6. Nf3 Nc6 7. Ne5 Qb6 8. Na4 Qa5+ 9. c3 e6 10. Nxc6 bxc6 11. Bd3 Be7 12. O-O O-O 13. Re1 Re8 14. b4 Qd8 15. Nc5 Nd7 16. Qh5 g6 17. Nxe6 fxe6 18. Bxg6 Nf6 19. Bf7+ Kh8 20. Be5 Rg8 21. Bxg8 Kxg8 22. Qg5+ Kf7 23. Re3 Qg8 24. Qf4 Qg4 25. Qh6 Qh5 26. Qxh5+ Nxh5 27. Rh3 Kg6 28. Rd1 a5 29. a3 axb4 30. cxb4 Ba6 31. Rc1 Bc4 32. g4 Nf6 33. f3 Rxa3 34. Kg2 Rb3 35. Bxf6 Bxf6 36. Re1 Rb2+ 37. Kg3 Be2 38. Rc1 Bxd4 39. Rxc6 Be5+ 40. f4 Bd4 41. f5+ Kg7 42. Rc7+ Kg8 43. Rc8+ Kg7 44. Rc7+ Kg8 45. Rc8+ 1/2-1/2

[Event "Groningen Festival 2019-B"]
[Site "Groningen"]
[Date "2019.12.30"]
[Round "9.5"]
[White "Salihbegovic, Edim"]
[Black "De Winter, Arthur"]
[Result "1-0"]
[ECO "A16"]
[WhiteElo "2011"]
[BlackElo "1932"]
[Annotator "NA"]
[PlyCount "115"]
[EventDate "2019.12.15"]
[EventType "swiss"]
[EventCountry "NED"]
[SourceTitle "playchess.com"]
[Source "ChessBase"]
[SourceQuality "1"]
[TimeControl "40/5400+30:1800+30"]

1. c4 Nf6 2. g3 g6 3. Bg2 Bg7 4. Nc3 O-O 5. d3 d6 6. Bg5 Nbd7 7. Qd2 c6 8. Bh6 Bxh6 9. Qxh6 Qb6 10. Qd2 e5 11. e4 Nc5 12. Nge2 a5 13. Rb1 Bd7 14. b3 Qc7 15. O-O b5 16. cxb5 cxb5 17. Rbc1 b4 18. Nd5 Nxd5 19. exd5 Bb5 20. Rfd1 Qa7 21. d4 Bxe2 22. Qxe2 exd4 23. Qc4 a4 24. Qxb4 axb3 25. axb3 Qa2 26. Rxc5 dxc5 27. Qxc5 d3 28. Qc3 Ra3 29. Qxd3 Rxb3 30. Qd4 Rb1 31. Bf3 Rxd1+ 32. Qxd1 Rd8 33. Qd4 Qa3 34. Kg2 Qd6 35. h4 h5 36. Qc3 Qe7 37. Qc6 Rd6 38. Qc5 Qf6 39. Qb5 Rb6 40. Qd3 Qd6 41. Qe3 Rb2 42. Qe8+ Kg7 43. Qe1 Qf6 44. Qe3 Rb6 45. Qd3 Kg8 46. Qe3 Rb2 47. Qe8+ Kg7 48. Qe3 Kh7 49. Qd3 Qb6 50. Be2 Qf6 51. Bf3 Kg7 52. Qe3 Rb6 53. Qd3 Kg8 54. Qe3 Rd6 55. Qe8+ Kg7 56. Qe3 Ra6 57. Qd3 Qe5 58. Qxa6 1-0

[Event "Groningen Festival 2019-B"]
[Site "Groningen"]
[Date "2019.12.30"]
[Round "9.6"]
[White "Labruyere, Roger"]
[Black "Pellikaan, Govert"]
[Result "1-0"]
[ECO "D02"]
[WhiteElo "1933"]
[BlackElo "1984"]
[Annotator "NA"]
[PlyCount "59"]
[EventDate "2019.12.15"]
[EventType "swiss"]
[EventCountry "NED"]
[SourceTitle "playchess.com"]
[Source "ChessBase"]
[SourceQuality "1"]
[TimeControl "40/5400+30:1800+30"]

1. d4 Nf6 2. Nf3 g6 3. g3 c6 4. Bg2 d5 5. O-O Bg7 6. b3 Bf5 7. Bb2 Qc8 8. Re1 Bh3 9. Bh1 h5 10. Nbd2 h4 11. e4 hxg3 12. fxg3 Ng4 13. Qe2 Qc7 14. exd5 cxd5 15. Ng5 Nxh2 16. Qxh2 Bg4 17. Qf2 Bf6 18. Qxf6 Qxg3+ 19. Bg2 Qh2+ 20. Kf1 Nc6 21. Qxf7+ Kd7 22. Qxd5+ Ke8 23. Qf7+ Kd7 24. d5 Raf8 25. dxc6+ bxc6 26. Rxe7+ Kc8 27. Be5 Qh4 28. Rc7+ Kb8 29. Rxc6+ Ka8 30. Rc8# 1-0